 Dungeon Crawl Stone Soup version 0.28-a0-1128-gb845255321 (webtiles) character file.

Game seed: 14142504852809004630

243 LadyOphelia the Skirmisher (level 5, 0/47 HPs)
             Began as a Minotaur Fighter on Dec 12, 2021.
             Slain by Grinder (2 damage)
             ... on level 3 of the Dungeon.
             The game lasted 00:05:49 (1752 turns).

LadyOphelia the Skirmisher (Minotaur Fighter)       Turns: 1752, Time: 00:05:49

Health: 0/47       AC:  7    Str: 22    XL:     5   Next: 82%
Magic:  5/5        EV: 10    Int:  5    God:
Gold:   104        SH:  4    Dex: 10    Spells: 6/6 levels left

rFire   . . .      SeeInvis .   a - +0 war axe
rCold   . . .      Faith    .   c - +0 buckler
rNeg    . . .      Spirit   .   b - +0 scale mail
rPois   .          Reflect  .   (helmet restricted)
rElec   .          Harm     .   (no cloak)
rCorr   .          Rampage  .   (no gloves)
Will    .....                   (no boots)
Stlth   ..........              (no amulet)
HPRegen 0.15/turn               (no ring)
MPRegen 0.09/turn               (no ring)

@: no status effects
A: horns 2, retaliatory headbutt
a: no special abilities


You were on level 3 of the Dungeon.
You visited 1 branch of the dungeon, and saw 3 of its levels.

You collected 104 gold pieces.

Inventory:

Hand Weapons
 a - a +0 war axe (weapon)
 n - a +4 quarterstaff of chaos
Armour
 b - a +0 scale mail (worn)
 c - a +0 buckler (worn)
Jewellery
 l - a ring of magical power
 p - a ring of ice
Scrolls
 e - a scroll of acquirement {unknown}
 g - 2 scrolls of teleportation {unknown}
 h - 2 scrolls of identify {unknown}
 k - a scroll of amnesia {unknown}
 m - a scroll of silence {unknown}
 o - a scroll of immolation {unknown}
Potions
 d - 2 potions of might
 f - a potion of curing {unknown}
 i - a potion of attraction {unknown}
 j - 2 potions of mutation {unknown}


   Skills:
 * Level 4.9 Fighting
 + Level 4.6 Axes
 + Level 4.6 Armour
 + Level 0.5 Dodging
 + Level 0.3 Stealth
 + Level 4.3 Shields
 * Level 1.1 Spellcasting


You had 6 spell levels left.
You didn't know any spells.
Your spell library contained the following spells:

 Spells                   Type           Power      Damage    Failure   Level
 Sting                    Tmut/Pois      0%         1d3       77%         1
 Poisonous Vapours        Pois/Air       0%         N/A       88%         2
 Olgreb's Toxic Radiance  Pois           0%         N/A       100%        4


Dungeon Overview and Level Annotations

Branches:
Dungeon (3/15)

Altars:
Sif Muna

Annotations:
D:3 Grinder


Innate Abilities, Weirdness & Mutations

You have a pair of horns on your head.
You reflexively headbutt those who attack you in melee.


Message History

Grinder is moderately wounded.
You block Grinder's attack.
You closely miss Grinder. You headbutt Grinder.
Grinder is moderately wounded.
Grinder hits you!
You barely miss Grinder. You headbutt Grinder.
Grinder is moderately wounded.
Grinder gestures at you.
You barely resist. Grinder closely misses you.
You closely miss Grinder. You headbutt Grinder!
Grinder is heavily wounded.
You block Grinder's attack.
You hit Grinder.
Grinder is heavily wounded.
Grinder hits you but does no damage.
You closely miss Grinder. Your headbutt misses Grinder.
Grinder is heavily wounded.
Grinder gestures at you. Pain shoots through your body!
* * * LOW HITPOINT WARNING * * *
You closely miss Grinder.
Grinder is heavily wounded.
Grinder says, "Just stop there for a second..."
Grinder blinks!
Grinder blinks!
Items here: ))) [ †.
Things that are here:
a +0 dagger; a +0 robe; a +2 short sword of speed You completely miss Grinder.
Your headbutt misses Grinder.
Grinder is heavily wounded.
Grinder hits you.
* * * LOW HITPOINT WARNING * * *
You writhe in agony.
* * * LOW HITPOINT WARNING * * *
You closely miss Grinder.
Grinder is heavily wounded.
Grinder hits you.
* * * LOW HITPOINT WARNING * * *
You writhe in agony.
You die...

...(.....#
.........#
#.).....##
#......#####.# ###
............. ..#
# #.....#..###
#.#.#####
....#....#
#.#......
.#..##.#.#
#........
...†##...# #@#
.#.#.###.# #5#
..###.##.# #)# .##
##.#.#######)#
..###.##.........#
.#.#..############
.#..#.# .#.##.#
##.##.#


You could see Grinder.

Vanquished Creatures
  An ogre (D:3)
  Crazy Yiuf (D:2)
  2 orc wizards (D:3)
  Robin (D:1)
  A gnoll (D:1)
  4 orcs (D:3)
  3 endoplasms (D:1)
  5 giant cockroaches
  5 hobgoblins
  2 kobolds
  2 quokkas
  3 ball pythons
  5 bats
  A frilled lizard (D:1)
  12 goblins
  5 rats
53 creatures vanquished.

Notes
Turn   | Place    | Note
-------+----------+-------------------------------------------
     0 | D:1      | LadyOphelia the Minotaur Fighter began the quest for the
                  | Orb.
     0 | D:1      | Reached XP level 1. HP: 19/19 MP: 0/0
    17 | D:1      | Reached XP level 2. HP: 27/27 MP: 1/1
   459 | D:2      | Noticed Robin
   465 | D:1      | Killed Robin
   466 | D:1      | Reached XP level 3. HP: 17/33 MP: 2/2
   881 | D:2      | Found a faded altar of an unknown god.
   899 | D:2      | Prayed at the altar of an unknown god.
   899 | D:2      | Became a worshipper of Sif Muna the Loreminder
   899 | D:2      | Reached * piety under Sif Muna
   905 | D:2      | Fell from the grace of Sif Muna
  1273 | D:2      | Found a runed translucent door.
  1274 | D:2      | Noticed Crazy Yiuf
  1400 | D:2      | Killed Crazy Yiuf
  1401 | D:2      | Reached XP level 4. HP: 41/41 MP: 3/3
  1612 | D:3      | Noticed an ogre
  1618 | D:3      | Killed an ogre
  1619 | D:3      | Reached skill level 1 in Spellcasting
  1619 | D:3      | Reached XP level 5. HP: 47/47 MP: 3/5
  1712 | D:3      | Noticed Grinder
  1752 | D:3      | HP: 2/47 [Grinder (6)]
  1752 | D:3      | Slain by Grinder

Illustrated notes

Levels and vault maps discovered:
D:1:      dpeg_arrival_solitude, layout_rooms
D:2:      layout_rooms, ebering_ecumenical_altar_webs, minmay_worlds_worst_comb,
          uniq_robin, uniq_crazy_yiuf_cottage
D:3:      layout_loops_ring, uniq_grinder

Skill      XL: |  1  2  3  4 |
---------------+-------------+-----
Armour         | 4 |  4.6
Shields        | 4 |  4.3
Fighting       | 4 |  4.9
Axes           | 3 4 |  4.6
Spellcasting   | 1 |  1.1
Dodging        | |  0.5
Stealth        | |  0.3

Action                   |  1- 3 |  4- 6 || total
-------------------------+-------+-------++-------
Melee: War axe           |    57 |    41 ||    98
       Headbutt          |     7 |     8 ||    15
Invok: Renounce Religion |     1 |       ||     1
  Use: Potion            |     1 |       ||     1
Armor: Scale mail        |    33 |    19 ||    52
Dodge: Dodged            |    36 |    11 ||    47
Block: Buckler           |    25 |     6 ||    31

Table legend: (Time is in decaauts)
 A = Elapsed time spent in this place.
 B = Non-inter-level travel time spent in this place.
 C = Inter-level travel time spent in this place.
 D = Time resting spent in this place.
 E = Time spent auto-exploring this place.
 F = Levels seen in this place.
 G = Mean time per level.
                   A        B        C        D        E       F      G
               +--------+--------+--------+--------+--------+-----+--------+
         Total |   1784 |   1712 |     72 |    136 |   1149 |   3 |  594.7 |
       Dungeon |   1784 |   1712 |     72 |    136 |   1149 |   3 |  594.7 |
               +--------+--------+--------+--------+--------+-----+--------+

Top non-repeatable levels by time:
     D:2: 862 daAuts
     D:1: 619 daAuts
     D:3: 302 daAuts
